 Dungeon Crawl Stone Soup version 0.24-a0-778-g74da537 (webtiles) character file.

Game seed: 5896531456618308797, levelgen mode: deterministic

48 BoppinsLewinski the Skirmisher (level 3, -2/31 HPs)
             Began as a Centaur Fighter on Oct 7, 2019.
             Slain by a gnoll
             ... wielding a +0 halberd
              (7 damage)
             ... on level 2 of the Dungeon.
             The game lasted 00:01:58 (1125 turns).

BoppinsLewinski the Skirmisher (Centaur Fighter)    Turns: 1125, Time: 00:01:59

Health: -2/31      AC:  6    Str: 24    XL:     3   Next: 50%
Magic:  3/3        EV:  4    Int:  7    God:
Gold:   55         SH:  0    Dex:  8    Spells: 2/2 levels left

rFire    . . .     SeeInvis .   a - +0 trident
rCold    . . .     Gourm    .   (no shield)
rNeg     . . .     Faith    .   b - +0 scale mail
rPois    .         Spirit   .   (no helmet)
rElec    .         Reflect  .   (no cloak)
rCorr    .         Harm     .   (no gloves)
MR       .....                  (no barding)
Stlth    ..........             (no amulet)
HPRegen  0.10/turn              (no ring)
MPRegen  0.08/turn              (no ring)

@: mighty, held, very quick
A: large, hooves 3, deformed body, speed 2, tough skin 3
a: no special abilities


You were on level 2 of the Dungeon.
You were not hungry.

You visited 1 branch of the dungeon, and saw 2 of its levels.

You collected 55 gold pieces.

Inventory:

Hand Weapons
 a - a +0 trident (weapon)
Armour
 b - a +0 scale mail (worn)
Scrolls
 c - a scroll of remove curse {unknown}
 e - a scroll of teleportation {unknown}
 g - a scroll of fog {unknown}
 h - a scroll of blinking {unknown}
Potions
 i - 2 potions of curing {unknown}
 k - a potion of heal wounds {unknown}
Comestibles
 f - 2 rations
 j - a chunk of flesh


   Skills:
 + Level 3.3 Fighting
 * Level 2.6 Polearms
 + Level 2.4 Armour
 + Level 0.7 Dodging
   Level 2.1 Shields


You had 2 spell levels left.
You didn't know any spells.
Your spell library was empty.

Dungeon Overview and Level Annotations

Branches:
Dungeon (2/15)

Altars:


Innate Abilities, Weirdness & Mutations

You have hooves in place of feet.
Armour fits poorly on your strangely shaped body.
You cover ground very quickly.
You have extremely tough skin. (AC +3)


Message History

Ye feel stronger.
Attack whom?
Press: ? - help, Dir - move target cursor, f - ye Okay, than.
Attack whom?
Press: ? - help, Dir - move target cursor, f - gnoll
Aim: a gnoll, wieldin' a +0 whip (heavily wounded) Ye reach ta attack!
Ye puncture tha gnoll!
Ye kill tha gnoll!
Tha gnoll throws a throwin' net.
Tha throwin' net hits ye.
Ye become entangled in tha net!
A goblin comes inta view.
Unknown command.
Unknown command.
Unknown command.
Ye struggle against tha net.
Tha goblin shouts!
Ye tear a large gash inta tha net.
Tha gnoll hits ye from afar wit' a +0 halberd!
Ye die...

....###.#.#.##.#
#..........# .###
#...#..#.###g.....#####
#...##.#†..g......#
##..##.#.###......#
##..#....# ########
#.....##g# #.....##g#
#.....##.# ###...##@#
#...##.# ..#.##.#
####..#.# ..#g# ... ..#
.>#


You could see 2 gnolls and a goblin.

Vanquished Creatures
  2 gnolls (D:2)
  A worm (D:2)
  A giant cockroach (D:1)
  2 goblins (D:1)
  4 hobgoblins (D:1)
  4 jackals (D:1)
  4 kobolds (D:1)
  2 bats
  4 rats (D:1)
24 creatures vanquished.

Notes
Turn   | Place    | Note
-------+----------+-------------------------------------------
     0 | D:1      | BoppinsLewinski the Centaur Fighter began the quest for the
                  | Orb.
     0 | D:1      | Reached XP level 1. HP: 19/19 MP: 1/1
   101 | D:1      | Reached XP level 2. HP: 13/26 MP: 2/2
  1121 | D:2      | Reached XP level 3. HP: 4/31 MP: 3/3
  1125 | D:2      | Slain by a gnoll

Levels and vault maps discovered:
D:1:      sevenhm_arrival_forest_fort_small_4, layout_basic,
          roderic_nine_men_s_morris, minmay_close_crescents
D:2:      layout_basic, serial_curves, eino_curves_02, eino_curves_02,
          eino_curves_02, mrwooster_statue_mirror, nemelex_spade_bored_becter,
          uniq_sigmund

Skill      XL: |  1 |
---------------+----+-----
Polearms       | 2 |  2.6
Fighting       | |  3.3
Armour         | |  2.4
Dodging        | |  0.7
Shields        | |  2.1

Action                   || total
-------------------------++-------
Melee: Trident           ||    71
       Kick              ||    14
  Use: Potion            ||     1
Armor: Scale mail        ||    14
Dodge: Dodged            ||    17

Table legend:
 A = Non-vault XP
 B = Vault XP
 C = Vault XP percentage of total XP
 D = Non-vault monster count
 E = Vault monster count
 F = Vault count percentage of total count
                 A         B        C        D         E       F
            +---------+---------+-------+---------+---------+-------
      Total |      62 |       7 |  10.1 |      20 |       4 |  16.7
            +---------+---------+-------+---------+---------+-------
        D:1 |      26 |       7 |  21.2 |      16 |       4 |  20.0
        D:2 |      36 |       0 |   0.0 |       4 |       0 |   0.0
            +---------+---------+-------+---------+---------+-------
